 Dungeon Crawl Stone Soup version 0.17.1-3-g152610e (webtiles) character file.

112 Goblin1989 the Cudgeler (level 4, -1/26 HPs)
             Began as a Gargoyle Gladiator on Mar 11, 2016.
             Slain by a gnoll
             ... wielding a +0 halberd
              (5 damage)
             ... on level 3 of the Dungeon.
             The game lasted 00:04:30 (1617 turns).

Goblin1989 the Cudgeler (Gargoyle Gladiator)        Turns: 1617, Time: 00:04:30

Health: -1/26      AC: 12    Str: 19    XL:     4   Next: 93%
Magic:  4/4        EV: 10    Int:  9    God:
Gold:   61         SH:  0    Dex: 10    Spells: 0 memorised, 3 levels left

rFire  . . .     SeeInvis .     a - +0 flail
rCold  . . .     Clarity  .     o - +0 scale mail
rNeg   + . .     SustAt   .     (no shield)
rPois  ∞         Gourm    .     c - +0 helmet
rElec  +         Spirit   .     s - +0 cloak (curse)
rCorr  .         Warding  .     v - +0 pair of gloves
rMut   .         Stasis   .     (no boots)
MR     .....                    (no amulet)
Stlth  ..........               (no ring)
                                (no ring)

@: not resistant to hostile enchantments, extremely unstealthy
A: negative energy resistance 1, electricity resistance, unbreathing,
petrification resistance, rot immunity, AC +3
a: no special abilities


You were on level 3 of the Dungeon.
You were hungry.

You visited 1 branch of the dungeon, and saw 3 of its levels.

You collected 61 gold pieces.

Inventory:

Hand Weapons
 a - a +0 flail (weapon)
Missiles
 d - 3 throwing nets (quivered)
Armour
 c - a +0 helmet (worn)
 f - a +0 cloak
 o - a +0 scale mail (worn)
 s - a cursed +0 cloak (worn)
 v - a +0 pair of gloves (worn)
Jewellery
 u - an uncursed ring of stealth {unknown}
Scrolls
 h - a scroll of remove curse {unknown}
 i - 3 scrolls of amnesia {unknown}
 k - a scroll of recharging {unknown}
 m - a scroll of fear {unknown}
 n - a scroll of immolation {unknown}
 q - 3 scrolls of identify {unknown}
 r - 2 scrolls of fog {unknown}
Potions
 b - a potion of brilliance {unknown}
 g - a potion of heal wounds {unknown}
 p - a potion of magic {unknown}
 t - a potion of ambrosia {unknown}
Comestibles
 e - 2 bread rations
 j - 2 fruits
 l - a meat ration


   Skills:
 - Level 2.1 Fighting
 * Level 5.4 Maces & Flails
 - Level 1.7 Throwing
 - Level 2.4 Dodging


You had 3 spell levels left.
You didn't know any spells.

Dungeon Overview and Level Annotations

Branches:
Dungeon (3/15)

Altars:
Ru


Innate Abilities, Weirdness & Mutations

You are resistant to torment.
Your stone body is resilient (AC +3).
You are immune to poison.
You resist negative energy.
You are resistant to electric shocks.
You can survive without breathing.
You are immune to petrification.
You are immune to rotting.


Message History

* * * LOW HITPOINT WARNING * * *
Things that are here:
a whip; a gnoll corpse; a worm corpse You are too injured to fight recklessly!
You are too injured to fight recklessly!
You are too injured to fight recklessly!
You are too injured to fight recklessly!
You are too injured to fight recklessly!
You are too injured to fight recklessly!
You are too injured to fight recklessly!
You are too injured to fight recklessly!
You are too injured to fight recklessly!
The gnoll barely misses you.
You see here a gnoll corpse.
You see here an adder corpse.
The gnoll closely misses you.
You hit the gnoll.
The gnoll is lightly wounded.
The gnoll hits you with a halberd.
You die...

#......#.#
#........#
#.........
##.....####
#..........
##.....### #....##
#g#.## #@#.# #.#.#
#.#.. #.###..# #..
#.# #.# ... #.#
#.# #.# #.# ##[##
#.#### #.###...##
#... .
#.##.....####.####


You could see a gnoll.

Vanquished Creatures
  3 gnolls
  2 adders
  An ooze (D:1)
  3 worms
  3 giant geckos
  5 bats
  2 giant cockroaches
  7 hobgoblins
  8 kobolds
  4 giant newts
  9 goblins
  7 rats
54 creatures vanquished.

Notes
Turn   | Place    | Note
--------------------------------------------------------------
     0 | D:1      | Goblin1989 the Gargoyle Gladiator began the quest for the Orb.
     0 | D:1      | Reached XP level 1. HP: 12/12 MP: 1/1
    78 | D:1      | Reached XP level 2. HP: 14/17 MP: 2/2
   288 | D:1      | Reached skill level 4 in Maces & Flails
   347 | D:1      | Reached XP level 3. HP: 16/21 MP: 3/3
   953 | D:2      | Reached XP level 4. HP: 21/26 MP: 4/4
  1288 | D:2      | Reached skill level 5 in Maces & Flails
  1487 | D:3      | Found a sacrificial altar of Ru.
  1617 | D:3      | Slain by a gnoll

Action                   |  1- 3 |  4- 6 || total
-------------------------+-------+-------++-------
Melee: Flail             |   124 |    84 ||   208
  Eat: Chunk             |       |     2 ||     2
